 Dungeon Crawl Stone Soup version 0.21-a0-360-g65c131b (webtiles) character file.

602 Ordine the Slasher (level 7, 0/41 HPs)
             Began as a Tengu Fighter on Oct 13, 2017.
             Was a Follower of Okawaru.
             Killed by divine providence
             ... invoked by an orc priest
              (14 damage)
             ... on level 4 of the Dungeon.
             The game lasted 00:09:07 (3347 turns).

Ordine the Slasher (Tengu Fighter)                  Turns: 3347, Time: 00:09:08

Health: 0/41       AC:  6    Str: 16    XL:     7   Next: 41%
Magic:  8/8        EV:  9    Int: 10    God:    Okawaru [*.....]
Gold:   204        SH: 10    Dex: 14    Spells: 6/6 levels left

rFire    + . .     SeeInvis +   a - +1 long sword
rCold    . . .     Gourm    .   c - +0 shield
rNeg     . . .     Faith    .   o - +1 leather armour {rF+}
rPois    .         Spirit   .   (helmet restricted)
rElec    .         Reflect  .   (no cloak)
rCorr    .         Harm     .   (no gloves)
MR       .....                  (boots unavailable)
Stlth    +.........             (no amulet)
HPRegen  0.13/turn              e - ring of see invisible
MPRegen  0.11/turn              (no ring)

@: no status effects
A: beak, talons 3, slimy green scales 1, high mp 1, subdued magic 1, able to fly
1
a: Fly, Heroism, Renounce Religion


You were on level 4 of the Dungeon.
You worshipped Okawaru.
Okawaru was aware of your devotion.
You were not hungry.

You visited 1 branch of the dungeon, and saw 4 of its levels.

You collected 204 gold pieces.

Inventory:

Hand Weapons
 a - a +1 long sword (weapon)
Armour
 c - a +0 shield (worn)
 o - a +1 leather armour of fire resistance (worn)
Jewellery
 e - a ring of see invisible (left hand)
Potions
 b - a potion of brilliance
 d - a potion of might
 h - 2 potions of flight {unknown}
 i - 2 potions of cancellation {unknown}
Books
 l - a book of Misfortune

   Spells                             Type                      Level
   a - Confusing Touch                Hexes                        1
   b - Confuse                        Hexes                        3
   c - Gell's Gravitas                Translocation                3
   d - Petrify                        Transmutation/Earth          4
   e - Metabolic Englaciation         Hexes/Ice                    5
   f - Yara's Violent Unravelling     Hexes/Transmutation          5
Comestibles
 f - 2 bread rations
 g - 2 royal jellies
 j - 2 meat rations
 k - 3 fruits


   Skills:
 - Level 3.0 Fighting
 * Level 6.7 Long Blades
 - Level 3.2 Armour
 + Level 5.9 Shields


You had 6 spell levels left.
You didn't know any spells.

Dungeon Overview and Level Annotations

Branches:
Dungeon (4/15)
 Temple: D:4-7

Altars:
Okawaru
Ru
Trog
Wu Jian


Innate Abilities, Weirdness & Mutations

You have a beak for a mouth.
You have claws for feet.
You can fly.
You are partially covered in slimy green scales. (AC +2)
You have an increased reservoir of magic. (+10% MP)
Your spells are a little easier to cast, but a little less powerful.


Message History

You hit the orc priest but do no damage.
You peck the orc priest, but do no damage.
The orc priest is almost dead.
The orc priest calls upon Beogh to heal the orc priest.
The orc priest's wounds heal themselves!
The orc priest begins to cast a cantrip, but forgets the words!
You hit the orc priest.
You kill the orc priest!
Okawaru accepts your kill.
The orc priest mumbles some strange prayers to Beogh against you.
Beogh smites you!
You hear an angry hiss.
You are too injured to fight recklessly!
You block the orc priest's attack.
Items here: )))) [[ †††† You slash the orc priest!
The orc priest is severely wounded.
The orc priest mumbles some strange prayers to Beogh against you.
Beogh smites you!
You die...

..)###.##..
#......#.#
####.#.#.# .......
##.....# .......
#.....## .......
#..##..#####
....... #.#
#......# .......
#..
##.###.####.......
#. #.#
#..>@o....... .
#.# #####........
#.# #........ #.#
#........ #### #.#
#........ ...# #.
##....... ...#
....... <..#
#..##.? ...# #.#
..


You could see an orc priest.

Vanquished Creatures
  A phantom (D:4)
  An ogre (D:4)
  5 orc priests
  A worker ant (D:4)
  2 orc wizards (D:3)
  Terence (D:2)
  Robin (D:1)
  4 gnolls (D:4)
  2 adders
  An ooze (D:1)
  3 worms (D:2)
  10 orcs
  4 giant cockroaches
  15 goblins
  8 hobgoblins
  12 jackals
  5 kobolds
  2 quokkas
  A ball python (D:4)
  8 bats
  3 frilled lizards
  A jackal skeleton (D:4)
  5 rats
96 creatures vanquished.

Notes
Turn   | Place    | Note
-------+----------+-------------------------------------------
     0 | D:1      | Ordine the Tengu Fighter began the quest for the Orb.
     0 | D:1      | Reached XP level 1. HP: 14/14 MP: 2/2
   116 | D:1      | Reached XP level 2. HP: 18/19 MP: 3/3
   215 | D:1      | Reached skill level 3 in Long Blades
   261 | D:1      | Reached XP level 3. HP: 22/23 MP: 4/4
  1118 | D:2      | Noticed Robin
  1163 | D:1      | Killed Robin
  1163 | D:1      | Reached XP level 4. HP: 19/28 MP: 5/5
  1390 | D:2      | Found a bloodstained altar of Trog.
  1499 | D:2      | Noticed Terence
  1510 | D:2      | Killed Terence
  1510 | D:2      | Reached skill level 4 in Long Blades
  1510 | D:2      | Gained mutation: You can fly. [Tengu growth]
  1510 | D:2      | Reached XP level 5. HP: 15/32 MP: 6/6
  1967 | D:3      | Found a sacrificial altar of Ru.
  2092 | D:3      | Found an iron altar of Okawaru.
  2112 | D:3      | Gained mutation: Your spells are a little easier to cast, but a little less powerful. [potion of mutation]
  2112 | D:3      | Gained mutation: You are dopey. (Int -2) [potion of mutation]
  2112 | D:3      | Gained mutation: You are resistant to electric shocks. (rElec) [potion of mutation]
  2112 | D:3      | Gained mutation: Your skin changes colour to match your surroundings (Stealth+). [potion of mutation]
  2128 | D:3      | HP: 1/32 [orc/stone (2)]
  2132 | D:3      | Reached skill level 5 in Shields
  2132 | D:3      | Reached XP level 6. HP: 2/37 MP: 7/7
  2429 | D:3      | Became a worshipper of Warmaster Okawaru
  2595 | D:3      | Reached skill level 5 in Long Blades
  2737 | D:3      | Found an ornate altar of the Wu Jian Council.
  2925 | D:4      | Lost mutation: You are resistant to electric shocks. (rElec) [potion of mutation]
  2925 | D:4      | Lost mutation: Your skin changes colour to match your surroundings (Stealth+). [potion of mutation]
  2925 | D:4      | Lost mutation: You are dopey. (Int -2) [potion of mutation]
  2925 | D:4      | Gained mutation: You have an increased reservoir of magic. (+10% MP) [potion of mutation]
  2925 | D:4      | Gained mutation: You are partially covered in slimy green scales. (AC +2) [potion of mutation]
  3062 | D:4      | Noticed a phantom
  3062 | D:4      | Reached skill level 6 in Long Blades
  3070 | D:4      | Killed a phantom
  3070 | D:4      | Reached * piety under Okawaru
  3070 | D:4      | Reached XP level 7. HP: 19/41 MP: 8/8
  3347 | D:4      | Killed from afar by an orc priest

Vault maps used:
D:1:      matt_arrival_grand_opening
D:2:      bloody_trog, uniq_terence, uniq_robin
D:3:      nicolae_overflow_crystal_walls, okawaru_trees_2, lemuel_crystal_altar,
          first_bread

Skill      XL: |  1  2  3  4  5  6 |
---------------+-------------------+-----
Long Blades    | 3 4 6 |  6.7
Shields        | 4 5 |  5.9
Fighting       | |  3.0
Armour         | |  3.2

Action                   |  1- 3 |  4- 6 |  7- 9 || total
-------------------------+-------+-------+-------++-------
Melee: Long sword        |    70 |   145 |    18 ||   233
       Kick              |    20 |    43 |     5 ||    68
       Peck              |     8 |    24 |     2 ||    34
  Use: Potion            |       |     5 |       ||     5
       Scroll            |       |     7 |       ||     7
 Stab: Sleeping          |       |     4 |       ||     4
  Eat: Chunk             |     1 |     6 |     1 ||     8
Armor: Scale mail        |    35 |     9 |       ||    44
       Leather armour    |       |    18 |     3 ||    21
Dodge: Dodged            |    11 |    34 |     2 ||    47
Block: Shield            |    42 |    77 |     7 ||   126
       Rpst.: Long sword |     3 |    13 |     1 ||    17

Table legend:
 A = Spawn XP
 B = Non-spawn XP
 C = Spawn XP percentage of total XP
 D = Spawn monster count
 E = Non-spawn monster count
 F = Spawn count percentage of total count
 G = Total turns spent on level
                    A         B        C        D         E        F      G
               +---------+---------+-------+---------+---------+-------+---------
         Total |       0 |     860 |   0.0 |       0 |      96 |   0.0 |  3347
               +---------+---------+-------+---------+---------+-------+---------
           D:1 |       0 |      58 |   0.0 |       0 |      22 |   0.0 |   967
           D:2 |       0 |     111 |   0.0 |       0 |      32 |   0.0 |   940
           D:3 |       0 |     216 |   0.0 |       0 |      25 |   0.0 |   988
           D:4 |       0 |     475 |   0.0 |       0 |      17 |   0.0 |   452
               +---------+---------+-------+---------+---------+-------+---------
